 Dungeon Crawl Stone Soup version 0.28-a0-589-g333b8329f1 (webtiles) character file.

Game seed: 14323851220103868946

4179 PastaSoupJuice the Fiendish (level 10, -3/77 (79) HPs)
             Began as a Demonspawn Monk on Oct 3, 2021.
             Was a Priest of Makhleb.
             Slain by a two-headed ogre (12 damage)
             ... on level 8 of the Dungeon.
             The game lasted 00:28:46 (12123 turns).

PastaSoupJuice the Fiendish (Demonspawn Monk)      Turns: 12123, Time: 00:28:47

HP:   -3/77 (79)    AC: 11    Str: 20    XL:     10   Next: 8%
MP:   17/17         EV: 12    Int: 12    God:    Makhleb [***...]
Gold: 402           SH:  4    Dex: 16    Spells: 7/9 levels left

rFire   . . .      SeeInvis +   a - +1 spear (venom)
rCold   . . .      Faith    .   (no shield)
rNeg    . . .      Spirit   .   o - +0 ring mail
rPois   .          Reflect  .   (helmet unavailable)
rElec   .          Harm     .   r - +0 cloak
rCorr   .          Rampage  .   c - +1 pair of gloves
Will    .....                   (no boots)
Stlth   +.........              (no amulet)
HPRegen 0.22/turn               w - ring of see invisible
MPRegen 0.15/turn               f - +6 ring of strength

@: lightly drained
A: horns 3, slimy green scales 2, demonic guardian 1, condensation shield
a: Renounce Religion, Minor Destruction, Lesser Servant of Makhleb


You were on level 8 of the Dungeon.
You worshipped Makhleb.
Makhleb was most pleased with you.
You visited 2 branches of the dungeon, and saw 10 of its levels.

You collected 402 gold pieces.

Inventory:

Hand Weapons
 a - a +1 spear of venom (weapon)
 b - a +4 vampiric whip
 E - a +3 halberd
Missiles
 e - 279 stones
 j - 69 poisoned darts (quivered)
 C - 2 throwing nets
Armour
 c - a +1 pair of gloves (worn)
 o - a +0 ring mail (worn)
 r - a +0 cloak (worn)
Jewellery
 f - a +6 ring of strength (right hand)
 i - a ring of wizardry
 w - a ring of see invisible (left hand)
Wands
 D - a wand of digging (3)
 F - a wand of flame (22)
Scrolls
 k - a scroll of acquirement {unknown}
 m - a scroll of teleportation
 n - 3 scrolls of enchant weapon {unknown}
 t - 2 scrolls of enchant armour {unknown}
 v - a scroll of noise {unknown}
 x - a scroll of amnesia {unknown}
 y - a scroll of fog {unknown}
 B - a scroll of silence {unknown}
Potions
 d - 4 potions of curing
 g - 2 potions of haste
 h - a potion of invisibility {unknown}
 l - 2 potions of resistance {unknown}
 p - 2 potions of cancellation
 q - a potion of heal wounds {unknown}
 s - a potion of might {unknown}
 u - a potion of berserk rage {unknown}
 z - a potion of magic {unknown}
 A - a potion of degeneration {unknown}


   Skills:
 + Level 7.5 Fighting
 * Level 9.3 Polearms
 - Level 3.0 Armour
 - Level 3.0 Dodging
 - Level 2.0 Stealth
 * Level 9.9 Invocations


You had 7 spell levels left.
You knew the following spells:

 Your Spells              Type           Power      Damage    Failure   Level
a - Blink                 Tloc           N/A        N/A       63%         2

Your spell library contained the following spells:

 Spells                   Type           Power      Damage    Failure   Level
 Sandblast                Erth           0%         2d4       50%         1
 Ensorcelled Hibernation  Hex/Ice        0%         N/A       63%         2
 Passwall                 Tmut/Erth      0%         N/A       63%         2
 Slow                     Hex            0%         N/A       63%         2
 Sublimation of Blood     Necr           0%         N/A       63%         2
 Confusing Touch          Hex            0%         N/A       86%         3
 Gell's Gravitas          Tloc           0%         N/A       86%         3
 Stone Arrow              Conj/Erth      0%         3d7       86%         3
 Teleport Other           Tloc           0%         N/A       86%         3
 Tukima's Dance           Hex            0%         N/A       86%         3
 Petrify                  Tmut/Erth      0%         N/A       99%         4
 Irradiate                Conj/Tmut      0%         3d14      100%        5
 Manifold Assault         Tloc           0%         N/A       100%        5
 Yara's Violent Unravell  Hex/Tmut       0%         3d3       100%        5
 Dispersal                Tloc           0%         N/A       100%        6
 Storm Form               Tmut/Air       0%         N/A       100%        7


Dungeon Overview and Level Annotations

Branches:
Dungeon (9/15)             Temple (1/1) D:5             Orc (0/2) D:9
   Lair: D:8-11

Altars:
Ashenzari
Cheibriados
Dithmenos
Elyvilon
Fedhas
Gozag
Hepliaklqana
Kikubaaqudgha
Makhleb
Nemelex Xobeh
Okawaru
Qazlal
Ru
Sif Muna
Trog
Uskayaw
Vehumet
Wu Jian
Xom
Yredelemnul
Zin
The Shining One

Shops:
D:3 [!=[[

Portals:
Abyss: D:6

Annotations:
D:6 2 transporters, Hubris850's ghost, novice DDHu
D:8 3 runed translucent doors, exclusion: 3 doors


Innate Abilities, Weirdness & Mutations

You have a pair of large horns on your head.
You are mostly covered in slimy green scales. (AC +3)
A weak demonic guardian rushes to your aid.
A meltable shield of frost defends you. (SH +4)


Message History

The puff of frost hits the two-headed ogre.
Your white imp hits the two-headed ogre but does no damage.
The two-headed ogre hits your white imp with a +0 giant spiked club!
Your white imp dies!
Your white imp disappears in a puff of smoke!
You reach to attack!
You hit the gnoll.
The gnoll is poisoned.
The gnoll is lightly wounded.
You barely miss the gnoll. You headbutt the gnoll!
You kill the gnoll!
Makhleb accepts your kill.
You feel better.
The gnoll shaman calls upon its god to speed up the gnoll.
The gnoll seems to speed up.
You are no longer glowing.
Items here: )) รทรท.
You see here a +0 dagger.
There is a stone staircase leading up, spattered with blood here.
You reach to attack!
You hit the two-headed ogre.
The two-headed ogre is poisoned.
The two-headed ogre is heavily wounded.
The two-headed ogre hits you with a +0 giant spiked club!!
A demonic guardian appears!
The two-headed ogre hits you with a +0 giant spiked club!
* * * LOW HITPOINT WARNING * * *
You climb upwards.
Your summoned ally is left behind.
Level annotation: 3 runed translucent doors, exclusion: 3 doors
There is a stone staircase leading down, spattered with blood here.
You are too injured to fight recklessly!
Reach: a) +1 spear (venom)
Press: ? - help, Dir - move target, f - two-headed ogre
Aim: a two-headed ogre, wielding two +0 giant spiked clubs (heavily wounded, very poisoned, about 19% to evade your +1 spear of venom)
You reach to attack!
You hit the two-headed ogre.
The two-headed ogre looks as sick as possible!
The two-headed ogre is heavily wounded.
There is an open door here.
The two-headed ogre hits you with a +0 giant spiked club!
* * * LOW HITPOINT WARNING * * *
A demonic guardian appears!
The two-headed ogre hits you with a +0 giant spiked club!
You die...

#......## #####.#####.##.....
#....#.# #.# #.####..# #.)....#
#.## #.# #..# ##[##### #..#
#.####..# #)# ##.# #<......#
#####.#### #.# ####)....
##....<..# ##.## ##......
.#.##....##########...####.......
.'.............O@.4......'.......
.#.##....##########...####.......
##.......# ##.## ##......
########.# #.# ##..... #.#
##.##### ##...# #.# ##......#
##'## #.# #...###.# #.# ######
#.# ##.## #.# #.## ..(..###.#
#####.####.# ##...


You could see a two-headed ogre (poisoned, ally target) and a friendly rust
devil (summoned).

Vanquished Creatures
  Pikel (D:7)
  A deep elf zephyrmancer (D:6)
  2 water moccasins
  An ice beast (D:7)
  An ogre (D:5)
  2 orc warriors
  A sky beast (D:7)
  A black bear (D:4)
  A centaur (D:6)
  A necrophage (D:7)
  3 lemures (D:7)
  Blork the orc (D:3)
  4 bullfrogs
  2 kobold brigands
  3 scorpions
  5 killer bees (D:8)
  11 wights
  A howler monkey (D:7)
  An orc priest (D:8)
  A jelly (D:7)
  A gnoll shaman (D:4)
  5 hounds
  4 centaur skeletons
  2 iguanas
  Natasha (D:4)
  5 orc wizards
  Robin (D:3)
  3 gnolls
  A howler monkey skeleton (D:6)
  2 adders
  A shadow imp (D:5)
  2 white imps
  2 worms
  2 dart slugs (D:1)
  24 orcs
  7 bats
  2 endoplasms
  A giant cockroach (D:1)
  15 goblins
  8 hobgoblins
  7 jackals
  10 kobolds
  3 quokkas
  2 ball pythons
  A frilled lizard (D:1)
  7 rats
163 creatures vanquished.

Vanquished Creatures (collateral kills)
  2 ogres
  A scorpion (D:2)
  A wight (D:8)
  A gnoll (D:4)
  2 kobolds (D:9)
7 creatures vanquished.

Vanquished Creatures (others)
  A plant (D:1)
1 creature vanquished.

Grand Total: 171 creatures vanquished

Notes
Turn   | Place    | Note
-------+----------+-------------------------------------------
     0 | D:1      | PastaSoupJuice the Demonspawn Monk began the quest for the
                  | Orb.
     0 | D:1      | Reached XP level 1. HP: 18/18 MP: 1/1
   863 | D:1      | Gained mutation: A meltable shield of frost defends you.
                  | (SH +4) [demonic ancestry]
   863 | D:1      | Reached XP level 2. HP: 24/24 MP: 2/2
  1331 | D:1      | Gained mutation: A weak demonic guardian rushes to your
                  | aid. [demonic ancestry]
  1331 | D:1      | Reached XP level 3. HP: 24/29 MP: 3/3
  2387 | D:3      | Reached skill level 1 in Armour
  2665 | D:3      | Found Lacluq's Armour Emporium.
  2975 | D:3      | Found Teepyomu's Distillery.
  3003 | D:3      | Found Rupas's Jewellery Shoppe.
  3105 | D:3      | Reached XP level 4. HP: 35/35 MP: 4/4
  3108 | D:3      | Noticed Robin
  3166 | D:3      | Killed Robin
  3319 | D:3      | Found Feqam's Armour Emporium.
  3365 | D:3      | Found Zuak's Antique Armour Shoppe.
  4043 | D:4      | Gained mutation: You are partially covered in slimy green
                  | scales. (AC +2) [demonic ancestry]
  4043 | D:4      | Reached XP level 5. HP: 41/42 MP: 5/5
  4140 | D:4      | Noticed Blork the orc
  4207 | D:2      | HP: 2/42 [scorpion (2)]
  4834 | D:3      | Killed Blork the orc
  4835 | D:3      | Reached XP level 6. HP: 36/48 MP: 6/6
  5035 | D:4      | Reached skill level 5 in Polearms
  5116 | D:4      | Noticed Natasha
  5138 | D:4      | Killed Natasha
  5231 | D:4      | Gained mutation: You have a pair of small horns on your
                  | head. [demonic ancestry]
  5231 | D:4      | Reached XP level 7. HP: 26/55 MP: 7/7
  5637 | D:5      | Entered Level 5 of the Dungeon
  6021 | D:5      | Reached skill level 5 in Fighting
  6253 | D:5      | Found a staircase to the Ecumenical Temple.
  6349 | Temple   | Entered the Ecumenical Temple
  6627 | Temple   | Became a worshipper of Makhleb the Destroyer
  6627 | Temple   | Reached * piety under Makhleb
  6627 | Temple   | Reached ** piety under Makhleb
  6780 | D:5      | Reached skill level 1 in Invocations
  7310 | D:5      | Gained mutation: You have a pair of horns on your head.
                  | [demonic ancestry]
  7310 | D:5      | Reached XP level 8. HP: 63/63 MP: 8/10
  7421 | D:6      | Found a one-way gate to the infinite horrors of the Abyss.
  7421 | D:6      | Noticed Hubris850's ghost (novice DDHu)
  7430 | D:6      | Found a transporter.
  7446 | D:6      | Noticed an ancient zyme
  7623 | D:6      | Reached skill level 5 in Invocations
  8213 | D:6      | Found a transporter.
  8270 | D:6      | Noticed a deep elf zephyrmancer
  8278 | D:6      | Killed a deep elf zephyrmancer
  8279 | D:6      | Gained mutation: You are mostly covered in slimy green
                  | scales. (AC +3) [demonic ancestry]
  8279 | D:6      | Reached XP level 9. HP: 67/71 MP: 12/14
  8446 | D:7      | Noticed Pikel
  8843 | D:7      | Reached *** piety under Makhleb
  9095 | D:7      | Learned a level 2 spell: Blink
  9159 | D:7      | Killed Pikel
  9597 | D:8      | Found a bloodstained altar of Trog.
 10822 | D:8      | Found a runed translucent gate.
 10822 | D:8      | Found a runed translucent gate.
 10831 | D:8      | Found a runed translucent gate.
 10833 | D:8      | Noticed a brown ugly thing
 10833 | D:8      | Noticed a glowing orange brain
 10833 | D:8      | Noticed a cyan ugly thing
 10833 | D:8      | Noticed a cyan ugly thing
 10834 | D:8      | Noticed a white ugly thing
 10834 | D:8      | Noticed a purple ugly thing
 10838 | D:8      | Noticed a purple ugly thing
 11224 | D:8      | Gained mutation: You have a pair of large horns on your
                  | head. [demonic ancestry]
 11224 | D:8      | Reached XP level 10. HP: 14/79 MP: 17/17
 11960 | D:9      | Found a staircase to the Orcish Mines.
 12034 | D:9      | Noticed a two-headed ogre
 12123 | D:8      | Slain by a two-headed ogre

Illustrated notes

Levels and vault maps discovered:
D:1:      amcnicky_arrival_double_pillar, layout_basic, serial_bayou_pond_b,
          minmay_bisected
D:2:      layout_loops_ring
D:3:      layout_loops_ring, serial_shops, shop, shop, nicolae_shop_trees,
          shop_fountains, nicolae_diamond_shop, roderic_serpentine_path,
          uniq_robin
D:4:      layout_cave_pools, uniq_blork_the_orc, uniq_natasha
D:5:      layout_loops_ring, minmay_temple_entry_poolview,
          hangedman_decor_lopped, abandoned_shop
D:6:      layout_loops_ring, gammafunk_ghost_abyssal_escape,
          guppyfry_early_elven_hall
D:7:      layout_basic, uniq_pikel
D:8:      layout_loops_corners, mainiacjoe_overflow_concentric_impassable,
          serial_aquarium, aquarium_bridge_square [aquarium_subvault_bridge,
          aquarium_subvault_window, aquarium_subvault_window,
          aquarium_subvault_balcony], aquarium_window_fake,
          aquarium_window_corner, aquarium_view_2b, aquarium_view_2g,
          ploomutoo_gammafunk_ghost_potion_laboratory
D:9:      layout_stronghold, lair_entry_dummy, orc_0_dummy
Temple:   nicolae_temple_the_god_donut

Skill      XL: |  1  2  3  4  5  6  7  8  9 |
---------------+----------------------------+-----
Polearms       | 3 4 5 6 8 9 |  9.3
Stealth        | 2 |  2.0
Dodging        | 3 |  3.0
Armour         | 1 2 3 |  3.0
Fighting       | 4 5 6 7 |  7.5
Invocations    | 3 7 9 |  9.9

Action                   |  1- 3 |  4- 6 |  7- 9 | 10-12 || total
-------------------------+-------+-------+-------+-------++-------
Melee: Spear             |   136 |   198 |   372 |    35 ||   741
       Unarmed           |       |    17 |       |       ||    17
       Whip              |       |       |    53 |       ||    53
       Headbutt          |       |       |    83 |     7 ||    90
Throw: Dart              |     4 |    34 |       |     4 ||    42
       Stone             |     1 |       |       |       ||     1
  Use: Scroll            |       |       |     5 |       ||     5
       Potion            |       |       |       |     2 ||     2
 Stab: Sleeping          |     8 |     1 |     5 |       ||    14
       Distracted        |       |     3 |       |       ||     3
Armor: Robe              |    12 |       |       |       ||    12
       Chain mail        |    24 |       |       |       ||    24
       Ring mail         |     7 |    60 |   105 |    10 ||   182
       Skin              |       |     3 |       |       ||     3
Dodge: Dodged            |    54 |   100 |   152 |    17 ||   323
Block: Other             |    12 |    24 |    47 |     5 ||    88

Table legend: (Time is in decaauts)
 A = Elapsed time spent in this place.
 B = Non-inter-level travel time spent in this place.
 C = Inter-level travel time spent in this place.
 D = Time resting spent in this place.
 E = Time spent auto-exploring this place.
 F = Levels seen in this place.
 G = Mean time per level.
                   A        B        C        D        E       F      G
               +--------+--------+--------+--------+--------+-----+--------+
         Total |  11982 |  11449 |    533 |   3818 |   4898 |  10 | 1198.2 |
       Dungeon |  11697 |  11182 |    515 |   3818 |   4649 |   9 | 1299.7 |
        Temple |    284 |    266 |     18 |      0 |    249 |   1 |  284.0 |
               +--------+--------+--------+--------+--------+-----+--------+

Top non-repeatable levels by time:
     D:8: 2307 daAuts
     D:1: 1780 daAuts
     D:3: 1702 daAuts
     D:5: 1360 daAuts
     D:6: 1175 daAuts
     D:4: 1132 daAuts
     D:2: 1000 daAuts
     D:7: 801 daAuts
     D:9: 437 daAuts
  Temple: 284 daAuts
